 Dungeon Crawl Stone Soup version 0.19.1-1-g22dce08 (webtiles) character file.

69136 esteth the Severer (level 14, -3/116 HPs)
             Began as a Minotaur Berserker on Jan 15, 2017.
             Was an Elder of Trog.
             Killed by divine providence
             ... invoked by an orc high priest
              (12 damage)
             ... on level 2 of the Orcish Mines on Jan 16, 2017.
             The game lasted 00:55:33 (21416 turns).

esteth the Severer (Minotaur Berserker)            Turns: 21416, Time: 00:55:34

Health: -3/116     AC: 26    Str: 24    XL:     14   Next: 89%
Magic:  13/13      EV: 13    Int:  6    God:    Trog [****..]
Gold:   1790       SH:  5    Dex: 15    Spells: 0 memorised, 13 levels left

rFire  . . .     SeeInvis .     F - +2 executioner's axe (chop)
rCold  + + .     Gourm    .     Q - +6 plate armour {rPois}
rNeg   . . .     Faith    .     (shield currently unavailable)
rPois  +         Spirit   .     (helmet restricted)
rElec  .         Reflect  +     (no cloak)
rCorr  .         Harm     .     J - +1 pair of gloves of the Suburbs {rPois}
MR     ++++.                    m - +2 pair of boots
Stlth  ..........               D - +5 amulet of reflection
                                L - ring of protection from magic
                                d - ring of protection from cold

@: lethally poisoned (-3 -> -12), about to teleport, regenerating
A: retaliatory headbutt, horns 2, clever 1, cold resistance 1, frail 1, strong
1, evolution 2
a: Berserk, Trog's Hand, Brothers in Arms, Burn Spellbooks, Renounce Religion


You were on level 2 of the Orcish Mines.
You worshipped Trog.
Trog was greatly pleased with you.
You were hungry.

You visited 3 branches of the dungeon, and saw 20 of its levels.

You collected 2173 gold pieces.
You spent 383 gold pieces at shops.

Inventory:

Hand Weapons
 f - a +3 fustibalus
 p - a +0 whip of freezing
 B - a +2 antimagic battleaxe
 F - a +2 executioner's axe of chopping (weapon)
 Z - a +1 battleaxe of chopping
Missiles
 l - 169 stones
 t - 5 poisoned javelins
 x - 2 steel tomahawks
 y - 3 silver javelins
 R - 6 tomahawks of returning
 U - 13 tomahawks of dispersal
 V - 13 javelins of penetration (quivered)
 W - 8 javelins
Armour
 m - a +2 pair of boots (worn)
 H - a +0 buckler
 J - the +1 pair of gloves of the Suburbs (worn) {rPois}
   (You found it on level 6 of the Dungeon)

   It protects you from poison.
 O - a +0 hat
 Q - a +6 plate armour of poison resistance (worn)
Jewellery
 b - an uncursed ring of ice
 d - a ring of protection from cold (left hand)
 D - a +5 amulet of reflection (around neck)
 K - an uncursed ring of fire
 L - a ring of protection from magic (right hand)
Wands
 h - a wand of teleportation (3/9)
 C - a wand of disintegration (5/24)
 Y - a wand of teleportation (4/9)
Scrolls
 v - 7 scrolls of remove curse
 w - a scroll of blinking
 E - a scroll of teleportation
 G - 3 scrolls of recharging
 M - 3 scrolls of fear
 N - 2 scrolls of summoning
 S - 5 scrolls of magic mapping
Potions
 e - 2 potions of cure mutation
 g - a potion of brilliance
 i - a potion of invisibility {unknown}
 j - 2 potions of flight
 k - a potion of haste
 o - 2 potions of mutation
 q - 5 potions of curing
 z - a potion of resistance {unknown}
Comestibles
 c - 6 bread rations
 n - 2 royal jellies
 r - 5 slices of pizza
 s - 28 fruits
 u - 7 meat rations
 X - 4 beef jerkies


   Skills:
 - Level 13.0 Fighting
 + Level 20.2 Axes
 - Level 9.2 Throwing
 - Level 9.7 Armour
 - Level 11.6 Dodging
 - Level 4.6 Shields


You had 13 spell levels left.
You didn't know any spells.

Dungeon Overview and Level Annotations

Branches:
Dungeon (12/15)            Temple (0/1) D:5            Lair (6/6) D:9
 Shoals (0/4) Lair:4        Snake (0/4) Lair:3        Slime (0/5) Lair:5
    Orc (2/2) D:12            Elf (0/3) Orc:2

Altars:
Ashenzari
Dithmenos
Fedhas
Gozag
Makhleb
Nemelex Xobeh
Okawaru
Qazlal
Sif Muna
Uskayaw
Yredelemnul
Zin
The Shining One
Jiyva

Shops:
D:5 ![=   D:7 !   D:10 (****   D:12 !

Portals:
Trove: D:12 (give 7 potions of agility)

Annotations:
Lair:4 exclusion: oklob plant


Innate Abilities, Weirdness & Mutations

You reflexively headbutt those who attack you in melee.
You have a pair of horns on your head.
Your mind is acute. (Int +2)
Your flesh is cold resistant. (rC+)
You are frail. (-10% HP)
Your muscles are strong. (Str +2)
You rapidly evolve.


Message History

Okay, then.
Okay, then.
You fail to use your ability.
You feel sick. The orange demon completely misses you.
The orange demon stings you from afar.
* * * LOW HITPOINT WARNING * * *
You are lethally poisoned!
The orange demon poisons you! The orc high priest misses you.
The red devil closely misses you. You block the rust devil's attack.
As you read the scroll of teleportation, it crumbles to dust.
You feel strangely unstable.
* * * LOW HITPOINT WARNING * * *
You feel sick.
The orc priest no longer looks unusually strong.
The orange demon stings you but does no damage.
The orange demon barely misses you.
The orc knight roars a battlecry!
The orc priest goes into a battle-frenzy!
The orc high priest mumbles some strange prayers to Beogh against you.
Beogh smites you!
You die...

..##.## ###......#..# ..####
#.....###.# #.# ##.....#### .##
###..#.## .# ###...# ## ###
####...## #####.## ##(###..##
#.#....# #..).)...# #####
......## ##((44@.####.#.#####
#....#.## ##o)o### #.....##.##
........# ##.#44.####....##...#
........###..o#4.)#......#...##
..........#...o..#......##...#
................)............## #
................).((..........###
..................#...........#..
.................##..............


You could see an orc knight, an orc high priest, 2 orange demons, a rust devil,
2 red devils, an orc priest and an orc.

Vanquished Creatures
  Gastronok (Lair:2)
  An orc warlord (Orc:2)
  Fannar (Lair:2)
  The ghost of dscm the Cleaver, a journeyman HOFi of Uskayaw (D:10)
  3 hydras
  10 death yaks
  Urug (Lair:2)
  An orc high priest (Orc:2)
  An unseen horror (D:11)
  2 hill giants (D:12)
  Pikel (D:7)
  4 orc knights (Orc:2)
  4 orc sorcerers
  2 cyclopes
  3 ugly things
  9 black mambas
  10 elephants (Lair:6)
  3 sirens (Lair:4)
  2 centaur zombies
  25 spiny frogs
  2 komodo dragons
  A merfolk (Lair:4)
  4 tyrant leeches (Lair:6)
  2 polar bears (Lair:5)
  19 blink frogs
  3 slime creatures (D:12)
  5 trolls
  12 hippogriffs
  2 wraiths (D:12)
  34 yaks
  2 wyverns
  A shadow (D:11)
  2 fire elementals (D:12)
  4 vampire mosquitoes (Lair:6)
  A basilisk (Lair:2)
  4 wargs
  2 hell hounds (D:12)
  22 water moccasins
  Duvessa (D:7)
  5 porcupines
  4 ice beasts
  A black bear (D:9)
  31 orc warriors
  2 sky beasts
  2 phantoms
  A necrophage (D:12)
  3 wolves (Lair:4)
  5 centaurs
  12 ogres
  12 crocodiles
  7 big kobolds
  23 bullfrogs
  3 gnoll sergeants
  Dowan (D:7)
  3 scorpions
  A water moccasin skeleton (D:10)
  6 killer bees (D:8)
  7 wights (D:11)
  2 electric eels (Lair:6)
  5 howler monkeys
  4 crimson imps
  A quasit (D:6)
  8 jellies
  A bullfrog skeleton (D:5)
  23 orc priests
  A centaur skeleton (D:10)
  10 hounds
  22 orc wizards
  4 iguanas
  5 hell rats (Lair:5)
  8 worker ants
  A hound zombie (D:5)
  A hound skeleton (D:4)
  4 gnolls
  16 adders
  A howler monkey skeleton (D:4)
  5 shadow imps
  12 white imps (D:12)
  17 oozes (Lair:4)
  2 adder zombies
  A worm (D:3)
  4 leopard geckos
  114 orcs
  A ball python (Lair:3)
  10 giant cockroaches
  11 goblins
  8 hobgoblins
  9 jackals
  9 kobolds
  5 quokkas
  A ball python skeleton (D:5)
  9 bats
  5 frilled lizards
  A leopard gecko zombie (D:8)
  A quokka skeleton (D:4)
  7 rats
  5 fungi
  7 plants
698 creatures vanquished.

Vanquished Creatures (collateral kills)
  Azrael (D:12)
  Harold (Lair:1)
  A hydra (Lair:5)
  2 hill giants
  A hell hound (D:12)
  3 orc warriors (Orc:2)
  A crocodile (Lair:1)
  3 orc priests (Orc:2)
  3 orc wizards (Orc:2)
  A leopard gecko (D:9)
  5 orcs (Orc:2)
  A quokka (D:11)
23 creatures vanquished.

Vanquished Creatures (others)
  15 fungi
  52 plants
67 creatures vanquished.

Grand Total: 788 creatures vanquished

Notes
Turn   | Place    | Note
-------+----------+-------------------------------------------
     0 | D:1      | esteth the Minotaur Berserker began the quest for the Orb.
     0 | D:1      | Reached XP level 1. HP: 19/19 MP: 0/0
   254 | D:1      | Reached XP level 2. HP: 27/27 MP: 1/1
   461 | D:1      | Reached ** piety under Trog
   568 | D:2      | Reached skill level 4 in Axes
   568 | D:2      | Reached XP level 3. HP: 31/33 MP: 2/2
   807 | D:2      | Found a glowing golden altar of the Shining One.
   946 | D:2      | Found an iron altar of Okawaru.
   965 | D:2      | Found a glowing silver altar of Zin.
   968 | D:2      | Found a stormy altar of Qazlal.
   971 | D:2      | Found a basalt altar of Yredelemnul.
  1055 | D:2      | Found a blossoming altar of Fedhas.
  1331 | D:3      | Reached XP level 4. HP: 40/40 MP: 3/3
  1365 | D:3      | Reached skill level 5 in Axes
  1726 | D:3      | Found a shadowy altar of Dithmenos.
  1745 | D:3      | You fall through a shaft for 3 floors!
  1792 | D:6      | Noticed a bullfrog
  1800 | D:5      | Entered Level 5 of the Dungeon
  1809 | D:5      | Killed a bullfrog
  1809 | D:5      | Reached skill level 6 in Axes
  1809 | D:5      | Reached XP level 5. HP: 46/46 MP: 4/4
  1915 | D:5      | Reached skill level 7 in Axes
  2060 | D:5      | Reached XP level 6. HP: 52/52 MP: 5/5
  2066 | D:5      | Found Wiexus's Distillery.
  2074 | D:5      | Bought a potion of heal wounds for 70 gold pieces
  2074 | D:5      | Bought 2 potions of heal wounds for 140 gold pieces
  2103 | D:5      | Reached *** piety under Trog
  2496 | D:3      | Reached skill level 8 in Axes
  2789 | D:4      | Found a hide-covered altar of Uskayaw.
  2804 | D:4      | Found an opulent altar of Gozag.
  2862 | D:4      | Found a shattered altar of Ashenzari.
  2920 | D:4      | Reached skill level 9 in Axes
  2920 | D:4      | Reached XP level 7. HP: 59/59 MP: 6/6
  2931 | D:4      | Found a burning altar of Makhleb.
  3309 | D:5      | Reached skill level 10 in Axes
  3462 | D:5      | Found Ytyifaf's Antique Armour Shop.
  3468 | D:5      | Bought a buckler for 108 gold pieces
  3533 | D:5      | Found a staircase to the Ecumenical Temple.
  3569 | D:5      | Found Ygaovam's Jewellery Shop.
  3716 | D:6      | Reached skill level 1 in Shields
  3742 | D:6      | Got a pair of fine gloves
  3753 | D:6      | Identified the +1 pair of gloves of the Suburbs {rPois} (You found it on level 6 of the Dungeon)
  3777 | D:6      | Reached **** piety under Trog
  3974 | D:6      | Reached XP level 8. HP: 58/66 MP: 7/7
  4165 | D:6      | Reached skill level 5 in Fighting
  4532 | D:7      | Found Ytumurpho's Distillery.
  4538 | D:7      | Bought a potion of heal wounds for 65 gold pieces
  4594 | D:7      | Noticed Duvessa
  4596 | D:7      | Noticed Dowan
  4603 | D:7      | Killed Duvessa
  4629 | D:7      | Killed Dowan
  4751 | D:7      | Reached XP level 9. HP: 69/83 MP: 8/8
  4753 | D:7      | Reached ***** piety under Trog
  5102 | D:7      | Found a sparkling altar of Nemelex Xobeh.
  5183 | D:7      | Noticed Pikel
  5193 | D:7      | Killed Pikel
  5193 | D:7      | Reached skill level 10 in Fighting
  5429 | D:7      | Found a deep blue altar of Sif Muna.
  6213 | D:8      | You fall through a shaft for 2 floors!
  6213 | D:10     | Entered Level 10 of the Dungeon
  6242 | D:10     | Found Fukkim's Assorted Antiques.
  6254 | D:10     | Found Oklibic's Assorted Antiques.
  6328 | D:10     | Reached XP level 10. HP: 92/101 MP: 9/9
  6332 | D:10     | Noticed dscm's ghost (journeyman HOFi)
  6350 | D:10     | Killed dscm's ghost
  6350 | D:10     | Reached skill level 5 in Dodging
  6656 | D:9      | Got a brightly glowing hand axe
  6883 | D:9      | Found a staircase to the Lair.
  7485 | D:9      | Reached skill level 1 in Throwing
  7664 | D:10     | Found Xichaub's Assorted Antiques.
  7677 | D:10     | Identified the +5 hand axe "Aseemus" {drain, +Fly rC+++ MR+ Int-4} (You found it on level 9 of the Dungeon)
  7685 | D:10     | Lost intelligence.
  7732 | D:10     | Found Bewol's Assorted Antiques.
  7813 | D:10     | Reached skill level 5 in Throwing
  7934 | D:10     | Noticed a hill giant
  7943 | D:10     | Killed a hill giant
  8082 | D:10     | Found Isileq's Weapon Boutique.
  8273 | D:11     | Reached XP level 11. HP: 93/107 MP: 10/10
  8297 | D:11     | Noticed a seven-headed hydra
  8310 | D:11     | Killed a seven-headed hydra
  8556 | D:11     | Received a gift from Trog
  8630 | D:11     | Noticed a white ugly thing
  8644 | D:11     | Killed an unseen horror
  8645 | D:11     | Killed a white ugly thing
  8677 | D:12     | Noticed a brown ugly thing
  9011 | D:11     | Noticed a hill giant
  9017 | D:11     | Killed a hill giant
  9078 | D:11     | Noticed a hill giant
  9192 | Lair:1   | Entered Level 1 of the Lair of Beasts
  9492 | Lair:1   | Noticed Harold
  9502 | Lair:1   | Killed Harold
  9502 | Lair:1   | Reached skill level 11 in Axes
 10285 | Lair:2   | Noticed a death yak
 10288 | Lair:2   | Noticed a death yak
 10289 | Lair:2   | Noticed a death yak
 10289 | Lair:2   | Noticed a death yak
 10298 | Lair:2   | Noticed a death yak
 10302 | Lair:1   | Killed a death yak
 10302 | Lair:1   | Reached skill level 12 in Axes
 10586 | Lair:2   | Killed a death yak
 10836 | Lair:1   | Killed a death yak
 10836 | Lair:1   | Reached skill level 13 in Axes
 11036 | Lair:2   | Killed a death yak
 11305 | Lair:2   | Reached XP level 12. HP: 115/115 MP: 11/11
 11388 | Lair:2   | Noticed Gastronok
 11402 | Lair:2   | Killed Gastronok
 11422 | Lair:2   | Noticed Urug
 11442 | Lair:2   | Killed Urug
 11745 | Lair:2   | Reached skill level 5 in Armour
 11957 | Lair:2   | Noticed Fannar
 11967 | Lair:2   | Killed Fannar
 11981 | Lair:2   | Gained mutation: You have a pair of large horns on your head. [potion of mutation]
 11981 | Lair:2   | Gained mutation: You regenerate slowly when monsters are visible. [potion of mutation]
 11981 | Lair:2   | Gained mutation: You have a somewhat thin skeletal structure. (Dex +2, Stealth) [potion of mutation]
 12071 | Lair:2   | Lost mutation: You have a somewhat thin skeletal structure. (Dex +2, Stealth) [potion of cure mutation]
 12071 | Lair:2   | Lost mutation: You have a pair of large horns on your head. [potion of cure mutation]
 12071 | Lair:2   | Lost mutation: You regenerate slowly when monsters are visible. [potion of cure mutation]
 12072 | Lair:2   | Gained mutation: Your muscles are strong. (Str +2) [potion of mutation]
 12072 | Lair:2   | Gained mutation: You occasionally shout uncontrollably at your foes. [potion of mutation]
 12072 | Lair:2   | Gained mutation: You evolve. [potion of mutation]
 12302 | Lair:2   | Received a gift from Trog
 12406 | Lair:3   | Killed a death yak
 12663 | Lair:3   | Found a staircase to the Snake Pit.
 12896 | Lair:3   | Received a gift from Trog
 13400 | Lair:4   | Found a staircase to the Shoals.
 13493 | Lair:4   | Gained mutation: You rapidly evolve. [evolution]
 13515 | Lair:4   | Reached skill level 14 in Axes
 13589 | Lair:4   | Received a gift from Trog
 14096 | Lair:4   | Reached XP level 13. HP: 91/122 MP: 12/12
 14777 | Lair:4   | Reached skill level 15 in Axes
 15504 | Lair:5   | Reached skill level 16 in Axes
 15744 | Lair:5   | Found a viscous altar of Jiyva.
 15745 | Lair:5   | Found a staircase to the Slime Pits.
 15760 | Lair:5   | Received a gift from Trog
 15954 | Lair:5   | Gained mutation: Your flesh is cold resistant. (rC+) [evolution]
 16060 | Lair:5   | Identified a scroll of acquirement
 16133 | Lair:6   | Entered Level 6 of the Lair of Beasts
 16438 | Lair:6   | Reached skill level 17 in Axes
 16893 | Lair:6   | Reached skill level 18 in Axes
 17240 | Lair:6   | Reached XP level 14. HP: 115/129 MP: 4/13
 17280 | Lair:6   | Reached skill level 10 in Dodging
 18217 | Lair:6   | Received a gift from Trog
 18647 | D:12     | Received a gift from Trog
 18846 | D:12     | Noticed Azrael
 18862 | D:12     | Killed Azrael
 18975 | D:12     | Gained mutation: You are frail. (-10% HP) [evolution]
 19154 | D:12     | Found a portal to a secret trove of treasure.
 19191 | D:12     | Found Wagof's Distillery.
 19225 | D:12     | Reached skill level 19 in Axes
 19272 | D:12     | Received a gift from Trog
 19348 | D:12     | Found a staircase to the Orcish Mines.
 19376 | D:12     | Received a gift from Trog
 19606 | Orc:1    | Entered Level 1 of the Orcish Mines
 19633 | Orc:1    | Received a gift from Trog
 20101 | Orc:2    | Entered Level 2 of the Orcish Mines
 20183 | Orc:2    | Found a labyrinth entrance.
 20213 | Orc:2    | Noticed an orc warlord
 20233 | Orc:2    | Killed an orc warlord
 20401 | Orc:2    | Found a staircase to the Elven Halls.
 20844 | Orc:2    | Received a gift from Trog
 21022 | Orc:2    | Reached skill level 20 in Axes
 21070 | Orc:2    | Received a gift from Trog
 21136 | Orc:2    | Lost mutation: You occasionally shout uncontrollably at your foes. [a neqoxec]
 21313 | Orc:2    | Gained mutation: Your mind is acute. (Int +2) [evolution]
 21416 | Orc:2    | Killed from afar by an orc high priest

Skill      XL: |  1  2  3  4  5  6  7  8  9 10 11 12 13 14 |
---------------+-------------------------------------------+-----
Armour         | 3 9 |  9.7
Fighting       | 4 9 13 | 13.0
Axes           | 4 6 7 9 10 13 14 18 20 | 20.2
Shields        | 4 |  4.6
Dodging        | 3 7 9 11 | 11.6
Throwing       | 6 9 |  9.2

Action                   |  1- 3 |  4- 6 |  7- 9 | 10-12 | 13-15 || total
-------------------------+-------+-------+-------+-------+-------++-------
Melee: Hand axe          |    92 |   112 |       |       |       ||   204
       Headbutt          |     9 |    25 |    73 |   126 |   171 ||   404
       War axe           |       |     4 |   339 |   203 |       ||   546
       Battleaxe         |       |       |       |   374 |   600 ||   974
       Executioner's axe |       |       |       |       |   143 ||   143
Throw: Tomahawk          |       |       |       |    10 |     1 ||    11
       Javelin           |       |       |       |       |    25 ||    25
       Stone             |       |       |       |       |     1 ||     1
Invok: Berserk           |       |     1 |     2 |     1 |     4 ||     8
       Trog's Hand       |       |     1 |       |     4 |     6 ||    11
       Burn Spellbooks   |       |     1 |       |     3 |       ||     4
       Brothers in Arms  |       |       |       |     3 |     8 ||    11
  Use: Scroll            |       |     2 |    10 |     9 |    14 ||    35
       Potion            |       |       |     2 |    16 |     4 ||    22
 Stab: Distracted        |       |       |       |       |     2 ||     2
  Eat: Chunk             |     1 |     7 |     9 |    24 |    27 ||    68
       Bread ration      |       |       |     1 |     1 |     1 ||     3
       Fruit             |       |       |       |       |     2 ||     2
Armor: Plate armour      |    71 |    75 |   161 |   330 |   401 ||  1038
       Animal skin       |     1 |       |       |       |       ||     1
Dodge: Dodged            |    44 |    45 |    84 |   242 |   414 ||   829
Block: Buckler           |       |       |    84 |    67 |       ||   151
       Other             |       |       |     3 |    42 |   104 ||   149
       Reflection        |       |       |     1 |     2 |     3 ||     6
